 Dungeon Crawl Stone Soup version 0.16.2-12-gd0ad4c3 (webtiles) character file.

2396 Theosophistos the Covered (level 9, -12/74 HPs)
             Began as a Demigod Transmuter on Oct 24, 2015.
             Mangled by a troll (21 damage)
             ... on level 9 of the Dungeon.
             The game lasted 01:17:22 (8021 turns).

Theosophistos the Covered (Demigod Transmuter)      Turns: 8021, Time: 01:17:23

Health: -12/74     AC: 16    Str: 17    XL:     9   Next: 2%
Magic:  20/20      EV:  7    Int: 17    God:
Gold:   55         SH:  0    Dex: 18    Spells: 4 memorised, 5 levels left

rFire  . . .     SeeInvis .     S - +4 quarterstaff (chaos)
rCold  . . .     Clarity  .     r - +0 plate armour
rNeg   + . .     SustAb   +     (no shield)
rPois  .         Gourm    .     s - +0 helmet
rElec  .         Spirit   .     T - +0 cloak {MR+}
rCorr  .         Warding  .     a - +0 pair of gloves
rMut   .         Stasis   .     (no boots)
MR     +....                    B - amulet of regeneration
Stlth  ..........               (no ring)
                                t - ring of positive energy

@: somewhat resistant to hostile enchantments, extremely unstealthy
A: sustain abilities
a: no special abilities


You were on level 9 of the Dungeon.
You were full.

You visited 2 branches of the dungeon, and saw 10 of its levels.

You collected 490 gold pieces.
You spent 435 gold pieces at shops.

Inventory:

Hand weapons
 f - a +2 hand axe of chopping
 l - a +0 shortbow
 w - a +2 trident of venom
 C - a +2 whip of flaming
 S - a +4 quarterstaff of chaos (weapon)
Missiles
 h - 23 arrows
 i - 4 tomahawks of returning (quivered)
 k - 2 javelins of penetration
 u - 23 exploding sling bullets
 y - 10 bolts of flame
 O - 2 poisoned tomahawks
Armour
 a - a +0 pair of gloves (worn)
 n - a +0 buckler
 r - a +0 plate armour (worn)
 s - a +0 helmet (worn)
 T - a +0 cloak of magic resistance (worn)
Magical staves
 e - an uncursed staff of air
Jewellery
 c - an uncursed amulet of the gourmand {unknown}
 t - a ring of positive energy (left hand)
 B - an amulet of regeneration (around neck)
Magical devices
 N - a wand of random effects (37)
 R - a wand of confusion (36)
Scrolls
 b - 3 scrolls of identify
 j - a scroll of remove curse
 m - a scroll of magic mapping
 p - a scroll of enchant weapon
 F - a scroll of fog
Potions
 q - a potion of resistance
 z - a potion of lignification
 I - a potion of poison
 J - a potion of brilliance
 L - 2 potions of agility
Books
 d - a book of Changes

   Spells                             Type                      Level
   a - Beastly Appendage              Transmutation                1
   b - Sticks to Snakes               Transmutation                2
   c - Spider Form                    Transmutation/Poison         3
   d - Ice Form                       Ice/Transmutation            4
   e - Blade Hands                    Transmutation                5
 G - a Young Poisoner's Handbook

   Spells                             Type                      Level
   a - Sting                          Conjuration/Poison           1
   b - Cure Poison                    Poison                       2
   c - Mephitic Cloud                 Conjuration/Poison/Air       3
   d - Olgreb's Toxic Radiance        Poison                       4
   e - Venom Bolt                     Conjuration/Poison           5
Comestibles
 g - 10 fruits
 o - 5 meat rations
 v - a beef jerky
 A - 3 bread rations
 Y - 4 slices of pizza


   Skills:
 + Level 5.3 Fighting
   Level 0.1(0.3) Short Blades
   Level 0.5 Long Blades
 + Level 1.4(2.2) Axes
 + Level 2.5(3.6) Polearms
 + Level 3.4(3.9) Staves
 + Level 0.6 Throwing
 + Level 5.8 Armour
 + Level 4.3 Dodging
 + Level 3.0 Stealth
 + Level 3.4 Unarmed Combat
 + Level 2.1 Spellcasting
 + Level 0.8 Conjurations
 + Level 2.0 Transmutations
 + Level 0.8 Poison Magic


You had 5 spell levels left.
You knew the following spells:

 Your Spells              Type           Power        Failure   Level  Hunger
a - Beastly Appendage     Trmt           #.....       100%        1    #......
b - Sticks to Snakes      Trmt           #.........   100%        2    ###....
c - Sting                 Conj/Pois      #...         100%        1    #......
d - Spider Form           Trmt/Pois      #.........   100%        3    ###....


Dungeon Overview and Level Annotations

Branches:
Dungeon (9/15)             Temple (1/1) D:7
   Lair: D:8-11         Orc: D:9-12

Shops:
D:4 !   D:8 %


Innate Abilities, Weirdness & Mutations

Your attributes are resistant to harm.


Message History

Casting: Sting
Confirm with . or Enter, or press ? or * to list all spells.
Okay, then.
You hit the troll.
The troll goes berserk!
The troll is lightly wounded.
The troll bites you. The troll claws you!
The troll claws you but does no damage. The troll bites you.
The troll closely misses you. The troll claws you but does no damage.
You barely miss the troll.
The troll is lightly wounded.
The troll bites you! The troll claws you but does no damage.
The troll claws you but does no damage. The troll bites you.
The troll barely misses you. The troll claws you but does no damage.
The troll bites you!!
* * * LOW HITPOINT WARNING * * *
The troll claws you but does no damage. The troll barely misses you.
The troll rages.
The troll bites you!!
You die...

.... .#.. ....
........
...####.......
##.#.........
##....#.....#.
##....#.......
##............ #
.#........########.#
.#........T)...T@..#
.#.......###########
.#........#
......#.#.#
............
............#
............#
............#
.............


You could see 2 trolls.

Vanquished Creatures
  Pikel (D:8)
  A blink frog (D:8)
  A hungry ghost (D:8)
  2 orc warriors
  A sky beast (D:9)
  A black bear (D:9)
  A slave (D:8)
  An ice beast (D:8)
  A centaur (D:8)
  A crimson imp (D:9)
  A centaur zombie (D:7)
  2 orc priests
  4 hounds
  3 goliath beetles (D:6)
  4 iguanas
  A giant frog skeleton (D:6)
  A jelly (D:7)
  Crazy Yiuf (D:6)
  2 orc wizards (D:8)
  A quasit (D:4)
  7 worker ants
  A hound zombie (D:8)
  Robin (D:4)
  A worker ant zombie (D:6)
  9 adders
  2 shadow imps (D:6)
  3 giant mites
  An adder skeleton (D:6)
  4 giant geckos
  18 orcs
  3 ball pythons
  A bat zombie (D:5)
  10 giant cockroaches
  2 gnoll zombies (D:2)
  15 goblins
  17 hobgoblins
  16 bats
  3 giant newts
  12 jackals
  9 kobolds
  5 quokkas
  A quokka zombie (D:6)
  11 rats
  A bush (D:7)
184 creatures vanquished.

Vanquished Creatures (collateral kills)
  A quokka skeleton (D:9)
1 creature vanquished.

Vanquished Creatures (others)
  A crimson imp (D:8)
  A giant spore (D:8)
  An orc zombie (D:9)
3 creatures vanquished.

Grand Total: 188 creatures vanquished

Notes
Turn   | Place    | Note
--------------------------------------------------------------
     0 | D:1      | Theosophistos, the Demigod Transmuter, began the quest for the Orb.
     0 | D:1      | Reached XP level 1. HP: 15/15 MP: 3/3
   150 | D:1      | Reached skill level 3 in Unarmed Combat
   349 | D:1      | Reached XP level 2. HP: 2/22 MP: 2/4
   465 | D:1      | Learned a level 2 spell: Sticks to Snakes
   521 | D:1      | Reached skill level 1 in Fighting
   913 | D:2      | Found a basalt altar of Yredelemnul.
  1074 | D:2      | Reached XP level 3. HP: 10/28 MP: 4/8
  2406 | D:3      | Reached XP level 4. HP: 28/35 MP: 10/10
  2444 | D:3      | Reached skill level 1 in Armour
  2574 | D:3      | Learned a level 1 spell: Sting
  2578 | D:3      | Learned a level 3 spell: Spider Form
  3030 | D:4      | Noticed Robin
  3050 | D:4      | Reached XP level 5. HP: 37/40 MP: 12/12
  3079 | D:4      | Killed Robin
  3573 | D:4      | Found a glowing golden altar of the Shining One.
  3779 | D:4      | Found Axudyat's Distillery.
  3800 | D:4      | Reached skill level 1 in Axes
  3800 | D:4      | Reached skill level 1 in Stealth
  4109 | D:4      | Bought 2 potions of curing for 60 gold pieces
  4194 | D:5      | Entered Level 5 of the Dungeon
  4846 | D:5      | Found a shattered altar of Ashenzari.
  5073 | D:6      | Reached XP level 6. HP: 24/48 MP: 14/14
  5315 | D:6      | Reached skill level 1 in Polearms
  5444 | D:6      | Found a sacrificial altar of Ru.
  5535 | D:6      | Reached XP level 7. HP: 40/56 MP: 17/17
  5575 | D:6      | Found a sparkling altar of Nemelex Xobeh.
  5674 | D:6      | Noticed Crazy Yiuf
  5681 | D:6      | Killed Crazy Yiuf
  6001 | D:7      | Reached skill level 4 in Armour
  6056 | D:7      | Found a staircase to the Ecumenical Temple.
  6063 | Temple   | Entered the Ecumenical Temple
  6773 | D:8      | Reached skill level 1 in Staves
  6879 | D:8      | Noticed Pikel
  6902 | D:8      | Killed Pikel
  6902 | D:8      | Reached skill level 5 in Armour
  6902 | D:8      | Reached XP level 8. HP: 50/66 MP: 18/18
  7100 | D:8      | Found a blossoming altar of Fedhas.
  7101 | D:8      | Found a deep blue altar of Sif Muna.
  7356 | D:8      | Found Cruaruqo's Food Shop.
  7361 | D:8      | Bought a meat ration for 65 gold pieces
  7361 | D:8      | Bought a slice of pizza for 19 gold pieces
  7361 | D:8      | Bought 3 fruits for 58 gold pieces
  7361 | D:8      | Bought a beef jerky for 19 gold pieces
  7361 | D:8      | Bought a slice of pizza for 19 gold pieces
  7361 | D:8      | Bought a meat ration for 65 gold pieces
  7361 | D:8      | Bought a meat ration for 65 gold pieces
  7361 | D:8      | Bought a meat ration for 65 gold pieces
  7678 | D:9      | Reached skill level 5 in Fighting
  7791 | D:9      | Noticed a troll
  7924 | D:9      | Noticed a troll
  8015 | D:9      | Reached XP level 9. HP: 52/74 MP: 20/20
  8021 | D:9      | Mangled by a troll

Action                   |  1- 3 |  4- 6 |  7- 9 || total
-------------------------+-------+-------+-------++-------
Melee: Unarmed           |   102 |       |       ||   102
       Short sword       |   102 |       |       ||   102
       Long sword        |    33 |    21 |       ||    54
       Hand axe          |       |   105 |       ||   105
       Staff             |       |     7 |       ||     7
       War axe           |       |     6 |       ||     6
       Trident           |       |   140 |    22 ||   162
       Quarterstaff      |       |       |   236 ||   236
       Whip              |       |       |    12 ||    12
Throw: Tomahawk          |    10 |       |     1 ||    11
       Stone             |     1 |       |       ||     1
       Javelin           |       |       |     2 ||     2
 Cast: Beastly Appendage |    15 |       |       ||    15
  Use: Potion            |     8 |     8 |    11 ||    27
       Scroll            |     1 |    13 |     9 ||    23
 Stab: Paralysed         |       |       |     3 ||     3
       Petrifying        |       |       |     3 ||     3
       Petrified         |       |       |     1 ||     1
  Eat: Bread ration      |     1 |     1 |     1 ||     3
       Pizza             |       |     1 |       ||     1
       Meat ration       |       |     1 |     2 ||     3
       Beef jerky        |       |       |     1 ||     1
       Royal jelly       |       |       |     1 ||     1
